 Dungeon Crawl Stone Soup version 0.19.4-10-g532645f (webtiles) character file.

110 Gargoyl the Skirmisher (level 4, -1/40 HPs)
             Began as a Ghoul Abyssal Knight on Feb 23, 2017.
             Was a Follower of Lugonu.
             Killed from afar by Sigmund (3 damage)
             ... with a puff of flame
             ... on level 2 of the Dungeon.
             The game lasted 00:04:55 (1600 turns).

Gargoyl the Skirmisher (Ghoul Abyssal Knight)       Turns: 1600, Time: 00:04:55

Health: -1/40      AC:  3    Str: 15    XL:     4   Next: 91%
Magic:  5/5        EV: 16    Int: 12    God:    Lugonu [*.....]
Gold:   59         SH:  3    Dex: 14    Spells: 0 memorised, 3 levels left

rFire  . . .     SeeInvis .     e - +2 morningstar (protect)
rCold  + . .     Gourm    .     b - +0 leather armour
rNeg   + + +     Faith    .     m - +0 buckler
rPois  ∞         Spirit   .     (no helmet)
rElec  .         Reflect  .     (no cloak)
rCorr  .         Harm     .     (no gloves)
MR     .....                    (no boots)
Stlth  ++........               (no amulet)
                                (no ring)
                                (no ring)

@: brilliant, agile, flying, rotting
A: rotting body, claws 1, carnivore 3, cold resistance 1, negative energy
resistance 3, slow regeneration 1, torment resistance, unbreathing
a: Depart the Abyss, Renounce Religion


You were on level 2 of the Dungeon.
You worshipped Lugonu.
Lugonu was aware of your devotion.
You were not hungry.

You visited 1 branch of the dungeon, and saw 2 of its levels.
You visited the Abyss 1 time.

You collected 59 gold pieces.

Inventory:

Hand Weapons
 a - a +1 hand axe
 e - a +2 morningstar of protection (weapon)
Armour
 b - a +0 leather armour (worn)
 m - a +0 buckler (worn)
Jewellery
 k - an uncursed ring of ice
Wands
 j - a wand of polymorph (9/24)
Scrolls
 h - a scroll of identify
Potions
 g - a potion of brilliance
Comestibles
 c - a meat ration
 i - 3 chunks of flesh


   Skills:
 + Level 3.8 Fighting
 + Level 1.8(2.2) Axes
 + Level 1.9(2.3) Maces & Flails
 * Level 2.5 Armour
 + Level 1.5 Dodging
 * Level 2.8 Invocations


You had 3 spell levels left.
You didn't know any spells.

Dungeon Overview and Level Annotations

Branches:
Dungeon (2/15)

Altars:
Hepliaklqana
Nemelex Xobeh
Trog

Annotations:
D:2 Sigmund


Innate Abilities, Weirdness & Mutations

Your body is rotting away.
You thrive on raw meat.
You are immune to poison.
You have sharp fingernails.
You are carnivorous and can eat meat at any time.
Your flesh is cold resistant. (rC+)
You are immune to negative energy. (rN+++)
You regenerate slowly when monsters are visible.
You are immune to unholy pain and torment.
You can survive without breathing.


Message History

You feel very buoyant.
You fly up into the air.
You hear some strange, mumbled words.
A magic dart appears from out of thin air!
The magic dart hits you!
* * * LOW HITPOINT WARNING * * *
You feel better. Something hits you.
* * * LOW HITPOINT WARNING * * *
You feel agile all of a sudden. Something closely misses you.
You miss something. Something closely misses you.
You barely miss something. You closely miss something.
Something hits you but does no damage.
You barely miss something. Something hits you.
* * * LOW HITPOINT WARNING * * *
You closely miss something.
You hear some strange, mumbled words.
A puff of flame appears from out of thin air!
The puff of flame hits you!
You die...

#.#.. ##.#.# ###### .....
### #....# ...# #.######
#....# ..# #......# #....#
#g# .#.####.# #####....#
#{##.#.#....# #........#
#@.#>#....### #........#
##.#.###..# #........#
#.#.#.#..# .........#
#.#.#....#
.........########.#.#<##.#
...................>#....#
........####.#########.###
.....#..# ##...........#
######..# #.........####


You could see a hobgoblin.

Vanquished Creatures
  Jessica (D:2)
  3 adders (D:2)
  2 worms (D:2)
  A dart slug (D:1)
  A leopard gecko (D:1)
  4 giant cockroaches
  9 goblins
  4 hobgoblins
  A quokka (D:2)
  A ball python (D:2)
  6 bats
  2 frilled lizards (D:2)
  8 kobolds
  4 rats
47 creatures vanquished.

Notes
Turn   | Place    | Note
-------+----------+-------------------------------------------
     0 | Abyss:1  | Gargoyl the Ghoul Abyssal Knight began the quest for the Orb.
     0 | Abyss:1  | Reached XP level 1. HP: 19/19 MP: 1/1
   118 | Abyss:2  | Noticed a small abomination
   119 | Abyss:2  | Noticed a neqoxec
   127 | Abyss:2  | Noticed a raiju
   137 | D:1      | Escaped the Abyss
   268 | D:1      | Reached XP level 2. HP: 24/26 MP: 2/2
   269 | D:1      | Reached * piety under Lugonu
   664 | D:1      | Reached skill level 1 in Maces & Flails
   724 | D:1      | Reached XP level 3. HP: 23/31 MP: 3/3
   768 | D:1      | Reached skill level 1 in Dodging
  1032 | D:2      | Noticed Jessica
  1054 | D:2      | Killed Jessica
  1054 | D:2      | Reached XP level 4. HP: 20/40 MP: 3/5
  1106 | D:2      | Found a bloodstained altar of Trog.
  1242 | D:2      | Found a hazy altar of Hepliaklqana.
  1249 | D:2      | Found a sparkling altar of Nemelex Xobeh.
  1580 | D:2      | Noticed Sigmund
  1599 | D:2      | HP: 2/40 [something (5)]
  1600 | D:2      | Killed from afar by Sigmund

Skill      XL: |  1  2  3 |
---------------+----------+-----
Armour         | 2 |  2.5
Maces & Flails | 1 |  1.9
Dodging        | 1 |  1.5
Fighting       | |  3.8
Axes           | |  1.8
Invocations    | |  2.8

Action                   |  1- 3 |  4- 6 || total
-------------------------+-------+-------++-------
Melee: Morningstar       |    93 |    55 ||   148
Invok: Depart the Abyss  |     1 |       ||     1
  Use: Scroll            |     3 |     1 ||     4
       Potion            |       |     5 ||     5
  Eat: Chunk             |    17 |    14 ||    31
Armor: Leather armour    |    38 |    19 ||    57
Dodge: Dodged            |    73 |    51 ||   124
Block: Buckler           |       |     1 ||     1
